 Dungeon Crawl Stone Soup version 0.30-a0-696-g2367cd04db (webtiles) character file.

Game seed: 15044129796428828319

14305 wormed the Spear-Bearer (level 11, -14/84 HPs)
             Began as a Demonspawn Artificer on Jan 20, 2023.
             Was a Believer of Vehumet.
             Demolished by a very large slime creature (45 damage)
             ... on level 11 of the Dungeon.
             The game lasted 00:14:54 (11870 turns).

wormed the Spear-Bearer (Demonspawn Artificer)     Turns: 11870, Time: 00:14:54

Health: -14/84     AC: 19    Str: 13    XL:     11   Next: 87%
Magic:  13/13      EV: 18    Int: 16    God:    Vehumet [**....]
Gold:   854        SH:  7    Dex: 14    Spells: 11/13 levels left

rFire   . . .      SeeInvis .    y - +8 trident of the Octopus King {venom, rElec rPois}
rCold   . . .      Faith    .    J - +2 buckler
rNeg    . . .      Spirit   .    O - +2 acid dragon scales
rPois   +          Reflect  .    (helmet restricted)
rElec   +          Harm     .    D - +2 cloak {Will+}
rCorr   +          Rampage  .    (no gloves)
Will    +....                    p - +2 pair of boots
Stlth   +                        K - amulet of the acrobat
HPRegen 0.34/turn                I - +4 ring of protection
MPRegen 0.13/turn                l - +5 ring of evasion

@: no status effects
A: antennae 1, foul stench 1, powered by pain 1, sharp scales 1
a: Renounce Religion


You were on level 11 of the Dungeon.
You worshipped Vehumet.
Vehumet was pleased with you.
You visited 2 branches of the dungeon, and saw 12 of its levels.

You collected 854 gold pieces.

Inventory:

Hand Weapons
 y - the +8 trident of the Octopus King (weapon) {venom, rElec rPois}
   (You found it on level 2 of the Dungeon)

   rElec:     It insulates you from electricity.
   rPois:     It protects you from poison.
Armour
 p - a +2 pair of boots (worn)
 D - a +2 cloak of willpower (worn)
 J - a +2 buckler (worn)
 O - +2 acid dragon scales (worn)
Magical Staves
 R - a staff of fire
Jewellery
 f - a ring of protection from cold
 g - an amulet of faith
 l - a +5 ring of evasion (right hand)
 B - a +6 ring of dexterity
 C - a ring of willpower
 I - a +4 ring of protection (left hand)
 K - an amulet of the acrobat (around neck)
 S - a ring of resist corrosion
Wands
 b - a wand of mindburst (5)
 c - a wand of flame (28)
 d - a wand of charming (15)
 e - a wand of iceblast (12) (quivered)
 G - a wand of light (5)
 Q - a wand of paralysis (3)
Scrolls
 h - 3 scrolls of vulnerability
 m - 2 scrolls of brand weapon
 s - 3 scrolls of poison
 u - 5 scrolls of teleportation
 v - 3 scrolls of enchant armour
 A - 2 scrolls of enchant weapon
 E - 4 scrolls of identify
 F - a scroll of fog
 H - 4 scrolls of magic mapping
 L - a scroll of amnesia
 M - a scroll of torment
 N - a scroll of immolation
 T - a scroll of fear
Potions
 a - 2 potions of resistance
 i - 4 potions of lignification
 j - 4 potions of curing
 k - 4 potions of heal wounds
 n - 2 potions of brilliance
 o - 2 potions of might
 q - 4 potions of cancellation {unknown}
 r - 3 potions of invisibility
 t - 6 potions of mutation {unknown}
 w - 3 potions of degeneration {unknown}
 x - a potion of ambrosia {unknown}
 z - a potion of haste {unknown}
 P - a potion of flight {unknown}


   Skills:
 + Level 7.1 Fighting
 - Level 14.0 Polearms
 - Level 1.7 Armour
 + Level 6.4 Dodging
 - Level 0.8 Stealth
 - Level 5.0 Shields
 - Level 1.5 Spellcasting
 - Level 3.6 Evocations


You had 11 spell levels left.
You knew the following spells:

 Your Spells              Type           Power      Damage    Failure   Level
a - Scorch                Fire           2%         2d5       54%         2

Your spell library contained the following spells:

 Spells                   Type           Power      Damage    Failure   Level
 Sting                    Tmut/Pois      4%         1d3       38%         1
 Cigotuvi's Dreadful Rot  Necr/Pois/Air  2%         N/A       54%         2
 Poisonous Vapours        Pois/Air       2%         N/A       54%         2
 Mephitic Cloud           Conj/Pois/Air  1%         N/A       77%         3
 Stone Arrow              Conj/Erth      2%         3d7       77%         3
 Airstrike                Air            0%         2d(1-17)  99%         4
 Animate Armour           Summ/Erth      2%         N/A       99%         4
 Olgreb's Toxic Radiance  Pois           1%         N/A       99%         4
 Summon Lightning Spire   Summ/Air       1%         N/A       99%         4
 Lightning Bolt           Conj/Air       0%         1d11      100%        5
 Lehudib's Crystal Spear  Conj/Erth      0%         10d2      100%        8


Dungeon Overview and Level Annotations

Branches:
Dungeon (11/15)            Temple (1/1) D:7            Lair (0/5) D:10
    Orc: D:9-12

Altars:
Ashenzari
Cheibriados
Dithmenos
Fedhas
Gozag
Hepliaklqana
Kikubaaqudgha
Makhleb
Nemelex Xobeh
Okawaru
Qazlal
Ru
Sif Muna
Trog
Uskayaw
Vehumet
Wu Jian
Xom
Yredelemnul


Innate Abilities, Weirdness & Mutations

You have a pair of small antennae on your head.
You may rarely emit foul miasma when damaged in melee.
You sometimes gain a little power by taking damage.
You are partially covered in razor-sharp scales. (AC +1, Slay +1)


Message History

You are too injured to fight recklessly!
You are too injured to fight recklessly!
You are too injured to fight recklessly!
You are too injured to fight recklessly!
You are too injured to fight recklessly!
You are too injured to fight recklessly!
You are too injured to fight recklessly!
You are too injured to fight recklessly!
You are too injured to fight recklessly!
You are too injured to fight recklessly!
You are too injured to fight recklessly!
You are too injured to fight recklessly!
You are too injured to fight recklessly!
You are too injured to fight recklessly!
You are too injured to fight recklessly!
You are too injured to fight recklessly!
You are too injured to fight recklessly!
You are too injured to fight recklessly!
You are too injured to fight recklessly!
You are too injured to fight recklessly!
You are too injured to fight recklessly!
You are too injured to fight recklessly!
You puncture the very large slime creature!
The very large slime creature is severely wounded.
A vampire mosquito comes into view.
The vampire mosquito buzzes angrily.
You puncture the very large slime creature!
The very large slime creature is severely wounded.
The slime creature misses you.
You puncture the very large slime creature!
The very large slime creature is almost dead.
You impale the very large slime creature!!
The very large slime creature is almost dead.
The slime creature misses you.
The very large slime creature hits you!!
* * * LOW HITPOINT WARNING * * *
You feel much better.
The very large slime creature hits you!!!
Ouch! That really hurt!
You die...

#..................
#...†..............
#..##†#..#######...
#.....#........#...
#.....#........#...
#.....#........#...
#..#..#...#..#.##..
#..#..#.........#..
#.@#..#.........#..
#JJ#####..#..###
#.y. #.... #.....
#...... #.......
#........


You could see a very large slime creature (very poisoned), a slime creature and
a vampire mosquito.

Vanquished Creatures
  A centaur warrior (D:8)
  5 two-headed ogres
  A boulder beetle (D:8)
  A tengu warrior (D:8)
  A manticore (D:11)
  A gargoyle (D:11)
  A kobold demonologist (D:10)
  Maggie (D:9)
  2 trolls
  Prince Ribbit (D:6)
  3 hornets
  A blink frog (shapeshifter) (D:8)
  3 shadows
  A vampire (D:8)
  A wraith (D:11)
  A wyvern (D:9)
  6 yaks (D:11)
  A steam dragon (D:8)
  2 vampire mosquitoes (D:8)
  Menkaure (D:6)
  An acid dragon (D:8)
  2 water moccasins (D:8)
  7 orc warriors
  3 sky beasts
  2 black bears (D:5)
  5 ogres
  4 ice beasts
  2 wolves (D:10)
  A phantom (D:6)
  2 centaurs
  3 kobold brigands (D:8)
  2 bullfrogs
  A gnoll sergeant (D:9)
  A necrophage (D:6)
  3 scorpions (D:5)
  A wight (D:8)
  7 killer bees
  4 electric eels (D:10)
  4 howler monkeys
  A jelly (D:6)
  7 hounds
  Crazy Yiuf (D:6)
  8 orc priests
  Ijyb (D:3)
  6 orc wizards
  5 gnolls (D:9)
  5 adders
  A shadow imp (D:7)
  2 white imps (D:6)
  2 worms
  4 dart slugs
  28 orcs
  9 ball pythons
  3 bats
  8 endoplasms
  5 giant cockroaches
  16 goblins
  11 hobgoblins
  5 jackals
  6 quokkas
  2 frilled lizards
  17 kobolds
  7 rats
  A spectral kobold (D:5)
251 creatures vanquished.

Vanquished Creatures (others)
  A goblin (D:3)
  11 plants
12 creatures vanquished.

Grand Total: 263 creatures vanquished

Notes
Turn   | Place    | Note
-------+----------+-------------------------------------------
     0 | D:1      | wormed the Demonspawn Artificer began the quest for the
                  | Orb.
     0 | D:1      | Reached XP level 1. HP: 15/15 MP: 1/1
    57 | D:1      | Reached skill level 1 in Dodging
   125 | D:1      | Found a faded altar of an unknown god.
   311 | D:1      | Gained mutation: You may rarely emit foul miasma when
                  | damaged in melee. [demonic ancestry]
   311 | D:1      | Reached XP level 2. HP: 21/21 MP: 2/2
   356 | D:1      | HP: 1/21 [kobold/+0 club (2)]
   683 | D:1      | Reached skill level 1 in Spellcasting
   824 | D:1      | Reached XP level 3. HP: 22/26 MP: 4/4
  1272 | D:2      | Found the +8 trident of the Octopus King {venom, rElec
                  | rPois}
  2188 | D:3      | Reached XP level 4. HP: 33/33 MP: 6/6
  2562 | D:3      | Noticed an ogre
  2565 | D:3      | Killed an ogre
  2566 | D:3      | Reached skill level 2 in Polearms
  2566 | D:3      | Gained mutation: You have a pair of small antennae on your
                  | head. [demonic ancestry]
  2566 | D:3      | Reached XP level 5. HP: 38/38 MP: 7/7
  2582 | D:3      | Noticed Ijyb
  2591 | D:3      | Killed Ijyb
  2592 | D:3      | Reached skill level 3 in Polearms
  3605 | D:4      | Reached XP level 6. HP: 44/44 MP: 8/8
  3685 | D:4      | Reached skill level 4 in Polearms
  4397 | D:5      | Entered Level 5 of the Dungeon
  4503 | D:5      | Reached skill level 5 in Polearms
  4503 | D:5      | Reached XP level 7. HP: 38/50 MP: 9/9
  4545 | D:5      | Found an ancient bone altar of Kikubaaqudgha.
  4672 | D:5      | Found a hazy altar of Hepliaklqana.
  4677 | D:5      | Reached skill level 6 in Polearms
  4768 | D:5      | Reached skill level 7 in Polearms
  5112 | D:5      | Found a sparkling altar of Nemelex Xobeh.
  5223 | D:6      | Reached XP level 8. HP: 46/56 MP: 10/10
  5431 | D:6      | Reached skill level 8 in Polearms
  5541 | D:6      | Noticed Menkaure
  5546 | D:6      | Killed Menkaure
  5611 | D:6      | Found a stormy altar of Qazlal.
  5685 | D:6      | HP: 1/56 [orc warrior/+0 dire flail (17)]
  5687 | D:6      | Reached skill level 9 in Polearms
  5883 | D:6      | Noticed Prince Ribbit
  5896 | D:6      | Killed Prince Ribbit
  5978 | D:6      | Reached skill level 10 in Polearms
  5978 | D:6      | Gained mutation: You are partially covered in razor-sharp
                  | scales. (AC +1, Slay +1) [demonic ancestry]
  5978 | D:6      | Reached XP level 9. HP: 57/61 MP: 11/11
  6165 | D:6      | Found a runed translucent door.
  6166 | D:6      | Noticed Crazy Yiuf
  6323 | D:6      | Killed Crazy Yiuf
  6582 | D:7      | Reached skill level 11 in Polearms
  7034 | D:7      | Identified the +1 robe of Analysis {Drain Str+5 Int-2
                  | Archmagi}
  7146 | D:7      | Found a staircase to the Ecumenical Temple.
  7207 | Temple   | Entered the Ecumenical Temple
  7391 | Temple   | Became a worshipper of Vehumet
  7743 | D:8      | Reached skill level 12 in Polearms
  7743 | D:8      | Reached skill level 1 in Shields
  7794 | D:8      | Found a hide-covered altar of Uskayaw.
  8293 | D:8      | Found an opulent altar of Gozag.
  8295 | D:8      | Found an ornate altar of the Wu Jian Council.
  8346 | D:8      | Found a blossoming altar of Fedhas.
  8348 | D:8      | Found a bloodstained altar of Trog.
  8428 | D:8      | Found a shimmering blue altar of Sif Muna.
  8430 | D:8      | Found a shimmering altar of Xom.
  8590 | D:8      | Reached XP level 10. HP: 64/67 MP: 12/12
  8634 | D:8      | Noticed a boulder beetle
  8639 | D:8      | Noticed a black mamba
  8643 | D:8      | a black mamba changed into a blink frog
  8646 | D:8      | Killed a boulder beetle
  8647 | D:8      | Noticed a two-headed ogre
  8920 | D:8      | Found a sacrificial altar of Ru.
  8958 | D:8      | Noticed a tengu warrior
  8969 | D:8      | Killed a tengu warrior
  9064 | D:8      | Noticed a two-headed ogre
  9067 | D:8      | Noticed a centaur warrior
  9075 | D:8      | Killed a two-headed ogre
  9076 | D:8      | Reached skill level 13 in Polearms
  9076 | D:8      | Reached skill level 5 in Shields
  9082 | D:8      | Killed a centaur warrior
  9487 | D:8      | Reached skill level 14 in Polearms
  9487 | D:8      | Gained mutation: You sometimes gain a little power by
                  | taking damage. [demonic ancestry]
  9487 | D:8      | Reached XP level 11. HP: 72/72 MP: 13/13
  9630 | D:9      | Noticed a two-headed ogre
  9638 | D:9      | Killed a two-headed ogre
  9727 | D:9      | Noticed a two-headed ogre
  9734 | D:9      | Killed a two-headed ogre
  9739 | D:9      | Noticed a two-headed ogre
  9743 | D:9      | Reached * piety under Vehumet
  9743 | D:9      | Offered knowledge of Shock by Vehumet.
  9750 | D:9      | Killed a two-headed ogre
 10072 | D:9      | Noticed Maggie
 10099 | D:9      | Killed Maggie
 10452 | D:10     | Entered Level 10 of the Dungeon
 10659 | D:10     | Reached skill level 5 in Fighting
 10665 | D:10     | Found a staircase to the Lair.
 10929 | D:10     | Reached skill level 5 in Dodging
 11003 | D:10     | Noticed a sixfirhy
 11572 | D:11     | Offered knowledge of Scorch by Vehumet.
 11576 | D:11     | Learned a level 2 spell: Scorch
 11582 | D:11     | Noticed a two-headed ogre
 11597 | D:11     | Killed a two-headed ogre
 11726 | D:11     | Reached ** piety under Vehumet
 11870 | D:11     | Demolished by a very large slime creature

Illustrated notes

Levels and vault maps discovered:
D:1:      dpeg_arrival_long_road, layout_loops_cross,
          dreamdust_ecumenical_altar_statues, minmay_pentomino_z2
D:2:      layout_basic, minmay_box_of_dots
D:3:      kennysheep_goblin_castle, layout_basic
D:4:      layout_basic
D:5:      layout_gridville, nicolae_hepliaklqana_monster_ancestors,
          nicolae_kikubaaqudgha_miasma_corner, nemelex_xobeh_ov_fountains_minmay
D:6:      layout_basic, grunt_qazlal_clouds, uniq_menkaure,
          uniq_crazy_yiuf_cottage, uniq_prince_ribbit1
D:7:      layout_loops_ring, minmay_temple_entry_slanted,
          grunt_decor_mini_mirrors, chequers_garden, lightli_minifort
D:8:      hangedman_cross_veins, layout_layer_cave,
          mainiacjoe_overflow_small_starburst, minitemple,
          mainiacjoe_overflow_alcove_1, overflow_temple_1_default,
          nicolae_ru_the_path_less_chosen, grunt_temple_overflow_open,
          minmay_misc_feat_chi
D:9:      layout_loops_ring, uniq_maggie
D:10:     layout_cave_pools, erik_lair_island, serial_bayou_pond_c
D:11:     layout_grid_maze
Temple:   hellmonk_temple_two_chambers

Skill      XL: |  1  2  3  4  5  6  7  8  9 10 11 |
---------------+----------------------------------+-----
Dodging        | 1 2 6 |  6.4
Spellcasting   | 1 |  1.5
Fighting       | 2 7 |  7.1
Polearms       | 2 3 5 7 10 12 14 | 14.0
Shields        | 2 5 |  5.0
Armour         | |  1.7
Stealth        | |  0.8
Evocations     | |  3.6

Action                   |  1- 3 |  4- 6 |  7- 9 | 10-12 || total
-------------------------+-------+-------+-------+-------++-------
Melee: Club              |   229 |       |       |       ||   229
       Trident           |     6 |   113 |   272 |   377 ||   768
       Punch             |     3 |       |       |       ||     3
Evoke: Wand              |     4 |       |       |    16 ||    20
  Use: Scroll            |       |       |    14 |     7 ||    21
       Potion            |       |       |     2 |     3 ||     5
 Stab: Sleeping          |     5 |     3 |     3 |     1 ||    12
       Invisible         |       |       |       |     1 ||     1
Armor: Leather armour    |    94 |    13 |    48 |    26 ||   181
       Acid dragon scale |       |       |       |    42 ||    42
Dodge: Dodged            |   160 |    63 |   117 |   170 ||   510
Block: Buckler           |       |       |    10 |    74 ||    84

Table legend: (Time is in decaauts)
 A = Elapsed time spent in this place.
 B = Non-inter-level travel time spent in this place.
 C = Inter-level travel time spent in this place.
 D = Time resting spent in this place.
 E = Time spent auto-exploring this place.
 F = Levels seen in this place.
 G = Mean time per level.
                   A        B        C        D        E       F      G
               +--------+--------+--------+--------+--------+-----+--------+
         Total |  11799 |  11096 |    703 |      0 |   9221 |  12 |  983.2 |
       Dungeon |  11764 |  11073 |    691 |      0 |   9210 |  11 | 1069.5 |
        Temple |     35 |     23 |     12 |      0 |     11 |   1 |   35.0 |
               +--------+--------+--------+--------+--------+-----+--------+

Top non-repeatable levels by time:
     D:8: 1805 daAuts
     D:3: 1341 daAuts
     D:7: 1215 daAuts
     D:6: 1173 daAuts
     D:2: 1128 daAuts
     D:1: 1115 daAuts
     D:9: 1004 daAuts
     D:4: 898 daAuts
     D:5: 875 daAuts
    D:10: 774 daAuts
    D:11: 432 daAuts
  Temple: 35 daAuts
